 Dungeon Crawl Stone Soup version 0.16.2-12-gd0ad4c3 (webtiles) character file.

24 iiii the Conjurer (level 2, 15/22 HPs)
             Began as a Draconian Conjurer on June 4, 2015.
             Quit the game on level 1 of the Dungeon on Oct 29, 2015.
             The game lasted 00:05:57 (878 turns).

iiii the Conjurer (Draconian Conjurer)               Turns: 878, Time: 00:05:57

Health: 15/22      AC:  9    Str: 10    XL:     2   Next: 79%
Magic:  2/4        EV: 12    Int: 15    God:
Gold:   35         SH:  0    Dex: 11    Spells: 2 memorised, 2 levels left

rFire  . . .     SeeInvis .     a - +1 dagger (protect)
rCold  . . .     Clarity  .     (armour unavailable)
rNeg   . . .     SustAb   .     (no shield)
rPois  .         Gourm    .     (helmet restricted)
rElec  .         Spirit   .     (no cloak)
rCorr  .         Warding  .     (no gloves)
rMut   .         Stasis   .     (no boots)
MR     .....                    (no amulet)
Stlth  ++........               (no ring)
                                (no ring)

@: not resistant to hostile enchantments, unstealthy
A: unfitting armour, cold-blooded, AC +4
a: no special abilities


You were on level 1 of the Dungeon.
You were not hungry.

You visited 1 branch of the dungeon, and saw 2 of its levels.

You collected 35 gold pieces.

Inventory:

Hand weapons
 a - a +1 dagger of protection (weapon)
Scrolls
 f - a scroll of identify {unknown}
 g - a scroll of recharging {unknown}
Potions
 d - a potion of flight {unknown}
 e - a potion of curing {unknown}
Books
 c - a book of Conjurations

   Spells                             Type                      Level
   a - Magic Dart                     Conjuration                  1
   b - Searing Ray                    Conjuration                  2
   c - Dazzling Spray                 Conjuration/Hexes            3
   d - Fulminant Prism                Conjuration/Hexes            4
   e - Iskenderun's Mystic Blast      Conjuration                  4
   f - Iskenderun's Battlesphere      Conjuration/Charms           5


   Skills:
 + Level 0.7 Fighting
 + Level 0.4 Short Blades
 - Level 1.7 Dodging
 - Level 1.7 Stealth
 * Level 2.2 Spellcasting
 * Level 4.5 Conjurations


You had 2 spell levels left.
You knew the following spells:

 Your Spells              Type           Power        Failure   Level  Hunger
a - Magic Dart            Conj           ###.         3%          1    #......
b - Searing Ray           Conj           ###...       6%          2    ###....


Dungeon Overview and Level Annotations

Branches:
Dungeon (2/15)

Altars:

Annotations:
D:2 Jessica


Innate Abilities, Weirdness & Mutations

Your plain brown scales are hard (AC +4).
Your body does not fit into most forms of armour.
Your cold-blooded metabolism reacts poorly to cold.


Message History

a dagger; a goblin corpse You see here 2 stones.
There is a stone staircase leading up here.
You see here 3 stones.
Jessica barely misses you.
You climb upwards.
You are feeling hungry.
There is a stone staircase leading down here.
Eat which item? (? for menu, Esc to quit)
You feel yourself speed up.
You continue eating. x2
You finish eating.
That bread ration really hit the spot!
Save game and exit?
Welcome back, iiii the Draconian Conjurer.
Press ? for a list of commands and other information.
Quiver which item? (- for none, * to show all) (? for menu, Esc to quit)
Reset throwing quiver to default.
Welcome back, iiii the Draconian Conjurer.
Press ? for a list of commands and other information.
Are you sure you want to abandon this character and quit the game? (Confirm with "yes".)

#####......##.# ##### #.
#..........##.# ########.
#.........)...# #........
#..........##.# #.#####..
#......#....#.# #.#...#..
#...........#.# #.###.#..
######......#.# #.....#..
##......#.##############..
#.......#@......# #..
#.#############.#########.
#..)...............(...)..
#......#########.########.
#......#### #..# #.
#..[......# ##.# #.
####......# #.## #.
#......#######..# #.
########......#.## #.


There were no monsters in sight!

Vanquished Creatures
  A giant gecko (D:2)
  An ooze (D:1)
  A bat (D:1)
  2 giant cockroaches (D:1)
  2 goblins
  4 hobgoblins (D:1)
  A quokka (D:2)
  4 giant newts
  4 kobolds
  A rat (D:1)
21 creatures vanquished.

Notes
Turn   | Place    | Note
--------------------------------------------------------------
     0 | D:1      | iiii, the Draconian Conjurer, began the quest for the Orb.
     0 | D:1      | Reached XP level 1. HP: 14/14 MP: 3/3
   118 | D:1      | Reached XP level 2. HP: 14/22 MP: 1/4
   840 | D:2      | Learned a level 2 spell: Searing Ray
   848 | D:2      | Noticed Jessica
   878 | D:1      | Upgraded the game from 0.16.1-28-gcc2312f to 0.16.2-12-gd0ad4c3
   878 | D:1      | Quit the game

Action                   || total
-------------------------++-------
Melee: Dagger            ||    29
       Short sword       ||     8
 Cast: Magic Dart        ||    35
  Eat: Bread ration      ||     1
